 Dungeon Crawl Stone Soup version 0.28-a0-1415-g7c84da036a (webtiles) character file.

Game seed: 2640605915307283922

109 zap2161 the Sneak (level 5, -1/28 HPs)
             Began as a Kobold Enchanter on Jan 7, 2022.
             Was a Believer of Lugonu.
             Slain by Pargi (5 damage)
             ... on level 3 of the Dungeon.
             The game lasted 00:20:03 (2446 turns).

zap2161 the Sneak (Kobold Enchanter)                Turns: 2446, Time: 00:20:04

Health: -1/28      AC:  6    Str:  5    XL:     5   Next: 13%
Magic:  2/8        EV: 14    Int: 17    God:    Lugonu [**....]
Gold:   131        SH:  0    Dex: 17    Spells: 5/8 levels left

rFire   + . .      SeeInvis .   a - +1 dagger
rCold   . . .      Faith    .   (no shield)
rNeg    . . .      Spirit   .   w - +1 leather armour {rF+}
rPois   .          Reflect  .   (no helmet)
rElec   .          Harm     .   (no cloak)
rCorr   .          Rampage  .   l - +1 pair of gloves
Will    .....                   (no boots)
Stlth   ++++......              s - amulet of the acrobat
HPRegen 0.09/turn               (no ring)
MPRegen 0.11/turn               (no ring)

@: very slightly contaminated
A: small, no large weapons, nightstalker 3
a: Renounce Religion, Depart the Abyss, Bend Space


You were on level 3 of the Dungeon.
You worshipped Lugonu.
Lugonu was pleased with you.
You visited 1 branch of the dungeon, and saw 4 of its levels.

You collected 131 gold pieces.

Inventory:

Hand Weapons
 a - a +1 dagger (weapon)
 r - a +0 hunting sling
 t - a +3 vorpal hand axe
Missiles
 d - 7 bolts
 e - 9 poisoned darts (quivered)
 f - 81 stones
 i - 8 sling bullets
 j - 4 javelins
 k - 69 arrows
Armour
 b - a +0 robe
 l - a +1 pair of gloves (worn)
 w - a +1 leather armour of fire resistance (worn)
Jewellery
 s - an amulet of the acrobat (around neck)
Wands
 u - a wand of iceblast (7)
Scrolls
 g - a scroll of immolation
 o - a scroll of fog {unknown}
 p - 2 scrolls of amnesia {unknown}
 q - a scroll of summoning {unknown}
 y - a scroll of enchant armour {unknown}
Potions
 c - a potion of invisibility
 h - a potion of haste {unknown}
 m - a potion of curing {unknown}
 n - 3 potions of might {unknown}
 v - a potion of brilliance {unknown}
 x - a potion of mutation {unknown}


   Skills:
 * Level 0.8 Fighting
 * Level 2.2 Short Blades
 * Level 3.1 Dodging
 * Level 5.9 Stealth
 * Level 2.3 Spellcasting
 * Level 3.6 Hexes


You had 5 spell levels left.
You knew the following spells:

 Your Spells              Type           Power      Damage    Failure   Level
a - Slow                  Hex            56%        N/A       7%          1
b - Ensorcelled Hibernat  Hex/Ice        16%        N/A       22%         2

Your spell library contained the following spells:

 Spells                   Type           Power      Damage    Failure   Level
 Confusing Touch          Hex            14%        N/A       22%         3
 Tukima's Dance           Hex            14%        N/A       22%         3
 Dazzling Flash           Conj/Hex       16%        N/A       41%         3
 Spider Form              Tmut/Pois      2%         N/A       67%         3
 Vampiric Draining        Necr           2%         2d6       67%         3
 Silence                  Hex/Air        4%         N/A       99%         5
 Agony                    Necr           2%         N/A       100%        5


Dungeon Overview and Level Annotations

Branches:
Dungeon (4/15)
 Temple: D:4-7

Altars:
Uskayaw
Yredelemnul
Zin
Lugonu

Shops:
D:2 *=(

Annotations:
D:3 Pargi


Innate Abilities, Weirdness & Mutations

You are small and have problems with some larger weapons.
You are completely attuned to the shadows.


Message History

There is an open door here.
You hit Pargi.
Pargi is lightly wounded.
Casting: Ensorcelled Hibernation (safe; 22% risk of failure)
Confirm with . or Enter, or press ? or * to list all spells.
Aiming: Ensorcelled Hibernation (safe; 22% risk of failure)
Press: ? - help, Shift-Dir - straight line, f - Pargi
Aim: Pargi (lightly wounded, chance to affect: 50%) Pargi resists with some effort.
Pargi misses you. Pargi closely misses you. Pargi claws you but does no damage.
You hit Pargi but do no damage.
Pargi is lightly wounded.
Pargi bites you. Pargi closely misses you. x2
Casting: Ensorcelled Hibernation (safe; 22% risk of failure)
Confirm with . or Enter, or press ? or * to list all spells.
Aiming: Ensorcelled Hibernation (safe; 22% risk of failure)
Press: ? - help, Shift-Dir - straight line, f/p - Pargi
Aim: Pargi (chance to affect: 50%)
You miscast Ensorcelled Hibernation.
You are very lightly contaminated with residual magic.
Nothing appears to happen.
Pargi bites you.
* * * LOW HITPOINT WARNING * * *
Pargi claws you but does no damage. Pargi completely misses you.
You fail to use your ability.
Pargi bites you but does no damage. Pargi claws you but does no damage. x2
You hit Pargi.
Pargi is lightly wounded.
Pargi bites you but does no damage. Pargi misses you.
Pargi claws you but does no damage.
Casting: Ensorcelled Hibernation (safe; 22% risk of failure)
Confirm with . or Enter, or press ? or * to list all spells.
Aiming: Ensorcelled Hibernation (safe; 22% risk of failure)
Press: ? - help, Shift-Dir - straight line, f/p - Pargi
Aim: Pargi (lightly wounded, chance to affect: 50%) Pargi looks drowsy...
The helpless Pargi fails to defend himself.
You impale Pargi!!
Pargi is severely wounded.
Pargi bites you.
You die...

#...## .###.#.# #.....
......<. #..### .####..# #..#
#.... #..# ##########.#..
############..###.#8...#......
#.............T.'.##...#......
##.##############...._.#......
#.# ....@T.'.##...#...... #.#
########.#8...#...... #)# #
..##.######...... #.#
#.######.##............# #.#
#.....<#.##............# #.#
####......#.#####.#.##.# #.#
...'......''#####.#.#... #.#
####.................### #.#
#.....................


You could see Pargi.

Vanquished Creatures
  Jessica (D:3)
  Ijyb (D:3)
  2 worms (D:2)
  2 dart slugs (D:1)
  2 ball pythons
  4 endoplasms
  2 giant cockroaches (D:2)
  9 goblins
  3 hobgoblins
  A kobold (D:1)
  3 quokkas
  9 bats
  3 frilled lizards
  5 rats
47 creatures vanquished.

Notes
Turn   | Place    | Note
-------+----------+-------------------------------------------
     0 | D:1      | zap2161 the Kobold Enchanter began the quest for the Orb.
     0 | D:1      | Reached XP level 1. HP: 10/10 MP: 3/3
     2 | D:1      | Noticed a draconian
     2 | D:1      | Noticed an elf
     4 | D:1      | Noticed a naga
     4 | D:1      | Noticed a merfolk
     6 | D:1      | Noticed a dwarf
     8 | D:1      | Noticed a tengu
     8 | D:1      | Noticed a minotaur
    12 | D:1      | Noticed a demigod
    12 | D:1      | Noticed a gargoyle
    14 | D:1      | Noticed a troll
    14 | D:1      | Noticed an octopode
    16 | D:1      | Noticed a spriggan
    16 | D:1      | Noticed a felid
    18 | D:1      | Noticed a vampire
    18 | D:1      | Noticed an ogre
    22 | D:1      | Noticed a demonspawn
    22 | D:1      | Noticed a human
    24 | D:1      | Noticed a vine stalker
    24 | D:1      | Noticed a formicid
    26 | D:1      | Noticed a ghoul
   302 | D:1      | Reached XP level 2. HP: 15/15 MP: 5/5
   406 | D:1      | Found a faded altar of an unknown god.
   415 | D:1      | Prayed at the altar of an unknown god.
   415 | D:1      | Became a worshipper of Lugonu the Unformed
   415 | D:1      | Reached * piety under Lugonu
   415 | D:1      | Reached ** piety under Lugonu
   832 | D:1      | Reached XP level 3. HP: 10/19 MP: 6/6
  1067 | D:2      | Found Vywon's Weapon Boutique.
  1182 | D:2      | Found Unuuxuch's Jewellery Emporium.
  1204 | D:2      | Learned a level 1 spell: Slow
  1275 | D:2      | Found a glowing silver altar of Zin.
  1443 | D:2      | Learned a level 2 spell: Ensorcelled Hibernation
  1501 | D:2      | Found Xiepnel's Assorted Antiques.
  1636 | D:2      | Reached skill level 5 in Stealth
  1861 | D:3      | You fall into a shaft and drop 1 floor!
  1884 | D:4      | Reached XP level 4. HP: 24/24 MP: 7/7
  1936 | D:3      | Noticed Jessica
  1941 | D:3      | Killed Jessica
  2013 | D:3      | Found a hide-covered altar of Uskayaw.
  2083 | D:3      | Noticed Ijyb
  2088 | D:3      | Killed Ijyb
  2089 | D:3      | Reached XP level 5. HP: 28/28 MP: 8/8
  2170 | D:3      | Noticed Pargi
  2255 | D:3      | HP: 1/28 [quokka (1)]
  2423 | D:3      | Found a basalt altar of Yredelemnul.
  2446 | D:3      | Slain by Pargi

Illustrated notes

Levels and vault maps discovered:
D:1:      kb_arrival_jail, layout_basic, hellmonk_ecumenical_altar_blasted
D:2:      layout_loops_ring, basic_altar, serial_shops, shop,
          nicolae_shop_behind_doors, nicolae_shop_trees
D:3:      layout_basic, nicolae_uskayaw_dance_hall,
          mainiacjoe_overflow_alcove_2, uniq_ijyb, uniq_terence, uniq_pargi,
          uniq_jessica
D:4:      layout_basic, kennysheep_mini_moat, kennysheep_windowed_goal,
          uniq_edmund, uniq_duvessa, uniq_pikel

Skill      XL: |  1  2  3  4 |
---------------+-------------+-----
Stealth        | 5 |  5.9
Short Blades   | 2 |  2.2
Dodging        | 3 |  3.1
Fighting       | |  0.8
Spellcasting   | |  2.3
Hexes          | |  3.6

Action                   |  1- 3 |  4- 6 || total
-------------------------+-------+-------++-------
Melee: Dagger            |   121 |    62 ||   183
       Punch             |     4 |       ||     4
 Cast: Ensorcelled Hiber |     2 |     4 ||     6
       Slow              |       |     1 ||     1
 Stab: Sleeping          |    16 |     8 ||    24
Armor: Robe              |    38 |       ||    38
       Leather armour    |       |    38 ||    38
Dodge: Dodged            |   114 |    59 ||   173

Table legend: (Time is in decaauts)
 A = Elapsed time spent in this place.
 B = Non-inter-level travel time spent in this place.
 C = Inter-level travel time spent in this place.
 D = Time resting spent in this place.
 E = Time spent auto-exploring this place.
 F = Levels seen in this place.
 G = Mean time per level.
                   A        B        C        D        E       F      G
               +--------+--------+--------+--------+--------+-----+--------+
         Total |   2429 |   2429 |      0 |      0 |      0 |   4 |  607.2 |
       Dungeon |   2429 |   2429 |      0 |      0 |      0 |   4 |  607.2 |
               +--------+--------+--------+--------+--------+-----+--------+

Top non-repeatable levels by time:
     D:1: 1062 daAuts
     D:2: 737 daAuts
     D:3: 600 daAuts
     D:4: 29 daAuts
